AoeStats
← Blyatman

Black Forest

509956300Analyzed
3v3 RM · 4d ago on Sep 28, 2026· 26m 53s· 6 players
Game mode
Random Map
Map size
Normal (6 player)
Population
200
Speed
Normal
Resources
Standard
Victory
Conquest
Starting age
Dark Age
Ending age
Imperial Age
RankedLock teamsTeams togetherTeam positionsShared explorationLock speedFull tech treeHidden civsTurbo modeCheats
Victory
Defeat
🇪🇸 Persians · Spain
1264
+15
🇫🇷 Armenians · France
1218
+17
🇹🇷 Poles · Türkiye
1217
+17
🇩🇪 Bengalis · Germany
1298
-18
🇩🇪 Cumans · Germany
1246
-17
🇩🇪 Japanese · Germany
1187
-14
CARANZA
0:44 Loom
13:34 Feudal Age
13:55 Double-Bit Axe
15:12 Man-at-Arms
16:06 Forging
27:27 Wheelbarrow
Kayou
11:37 Feudal Age
15:46 Castle Age
13:53 Horse Collar
14:27 Double-Bit Axe
14:10 Man-at-Arms
15:52 Scale Mail Armor
17:58 Long Swordsman
19:54 Chain Mail Armor
20:34 Squires
21:20 Two-Handed Swordsman
22:12 Forging
24:01 Bow Saw
24:16 Fishing Lines
25:33 Iron Casting
25:15 Heavy Plow
25:13 Arson
UnCLeMaRcH
0:42 Loom
15:41 Feudal Age
16:22 Double-Bit Axe
16:41 Horse Collar
21:05 Castle Age
18:58 Stone Mining
19:11 Scale Mail Armor
19:02 Fletching
19:27 Gold Mining
22:09 Chain Mail Armor
23:41 Wheelbarrow
22:51 Town Watch
Blyatman
9:53 Feudal Age
11:13 Double-Bit Axe
20:56 Fishing Lines
Mo...
0:37 Loom
12:52 Feudal Age
12:55 Man-at-Arms
21:23 Double-Bit Axe
27:25 Castle Age
TheSurfingBird
10:18 Loom
13:34 Feudal Age
18:25 Castle Age
17:04 Double-Bit Axe
17:10 Horse Collar
20:13 Bow Saw
20:59 Wheelbarrow
24:58 Gold Mining
Connection lost

Rejoining the realm…

Still unreachable

The connection could not be restored.

Session expired

The server has moved on; the page needs a fresh start.